 Dungeon Crawl Stone Soup version 0.31.0-9-g3a7656b989 (webtiles) character file.

Game seed: 14360189187139778646

135 Colgate the Trooper (level 4, 41/41 HPs)
             Began as a Minotaur Fighter on Jan 24, 2024.
             Quit the game on level 3 of the Dungeon.
             The game lasted 00:01:18 (2577 turns).

Colgate the Trooper (Minotaur Fighter)              Turns: 2577, Time: 00:01:19

Health: 41/41      AC: 10    Str: 22    XL:     4   Next: 96%
Magic:  3/3        EV:  8    Int:  5    God:
Gold:   96         SH:  4    Dex: 10    Spells: 3/3 levels left

rFire   + . .        a - +0 war axe
rCold   . . .        c - +0 buckler
rNeg    . . .        i - +0 chain mail {rF+}
rPois   .            (helmet restricted)
rElec   .            j - +0 cloak
rCorr   .            (no gloves)
SInv    .            (no boots)
Will    .....        (no amulet) Stlth
                     (no ring)
HPRegen 0.26/turn    (no ring)
MPRegen 0.08/turn

%: no passive effects
@: no status effects
A: horns 2, retaliatory headbutt
a: no special abilities


You were on level 3 of the Dungeon.
You visited 1 branch of the dungeon, and saw 3 of its levels.

You collected 96 gold pieces.

Inventory:

Hand Weapons
 a - a +0 war axe (weapon)
Armour
 b - a +0 scale mail
 c - a +0 buckler (worn)
 i - a +0 chain mail of fire resistance (worn)
 j - a +0 cloak (worn)
Scrolls
 e - a scroll of identify {unknown}
 f - 2 scrolls of teleportation {unknown}
 l - a scroll of noise {unknown}
Potions
 d - a potion of might {@q3}
 g - a potion of degeneration {unknown}
 h - a potion of berserk rage {unknown}
 k - a potion of resistance {unknown}


   Skills:
 + Level 4.6 Fighting
 + Level 3.7 Axes
 + Level 4.6 Armour
 + Level 4.6 Shields


You had 3 spell levels left.
You didn't know any spells.
Your spell library contained the following spells:

 Spells                   Type           Power      Damage    Failure   Level
 Kiss of Death            Conj/Necr      0%         2d5       99%         1
 Confusing Touch          Hex            0%         N/A       100%        3
 Dispel Undead            Necr           0%         3d6       100%        4


Dungeon Overview and Level Annotations

Branches:
Dungeon (3/15)

Altars:
Zin

Shops:
D:3 *


Innate Abilities, Weirdness & Mutations

You have a pair of horns on your head.
You reflexively headbutt those who attack you in melee.


Message History

No target in view!
Partly explored, unopened door.
No target in view!
Partly explored, unopened door.
No target in view!
Partly explored, unopened door.
No target in view!
Partly explored, unopened door.
You open the door.
No target in view!
Done exploring.
No target in view!
Done exploring.
No target in view!
Done exploring.
No target in view!
Done exploring.
No target in view!
Done exploring.
No target in view!
Done exploring.
No target in view!
Done exploring.
No target in view!
Done exploring.
No target in view!
Done exploring.
No target in view!
Done exploring.
No target in view!
Done exploring.
No target in view!
Done exploring.
No target in view!
Done exploring.
No target in view!
Done exploring.
Search for what [Enter for "d:2", or ? for help]? altar Saving game... please wait.
Welcome back, Colgate the Minotaur Fighter.

#########.#..#......#.....
#.#..#.####.#.....
#.####......#..... ### #.#
##.##.##..... ..##############.#
#.)....#.....
...............#.######..######.#
#.#########........##......# #.#
#.#########.........##.##.### #.#
#.##......#.....@......##...# #.#
#.##......####+#'#########..# #.#
..##......# #.#.# ##.# #.#
..##......####.#.# #.# #.#
..##........##.#.# #####.# #.#
#............#.#.# #...#.# #.#
#########....#.#.# #...#.# #.#
.....####....#.#.# #...#.###'#
###).........#.#+######...#:##...


There were no monsters in sight!

Vanquished Creatures
  An orc wizard (D:3)
  Robin (D:3)
  2 adders (D:2)
  A dart slug (D:3)
  A ribbon worm (D:2)
  3 orcs (D:3)
  14 ball pythons
  3 bats
  7 endoplasms
  2 giant cockroaches
  7 goblins
  11 hobgoblins
  4 jackals (D:3)
  4 kobolds
  2 quokkas (D:1)
  2 frilled lizards
  4 rats
69 creatures vanquished.

Notes
Turn   | Place    | Note
-------+----------+-------------------------------------------
     0 | D:1      | Colgate the Minotaur Fighter began the quest for the Orb.
     0 | D:1      | Reached XP level 1. HP: 19/19 MP: 0/0
   122 | D:1      | Reached XP level 2. HP: 27/27 MP: 1/1
   954 | D:2      | Reached XP level 3. HP: 32/33 MP: 2/2
  1553 | D:3      | Reached XP level 4. HP: 30/41 MP: 3/3
  1605 | D:3      | Identified the +0 helmet of the Other World {rN+ Will+}
  1605 | D:3      | Noticed Robin
  1611 | D:3      | Killed Robin
  1682 | D:3      | Found Zin's Purification Station.
  1684 | D:3      | Found a glowing silver altar of Zin.
  2577 | D:3      | Quit the game

Illustrated notes

Levels and vault maps discovered:
D:1:      dpeg_arrival_renting, layout_basic
D:2:      layout_basic, minmay_surrounded
D:3:      layout_basic, zin_purify, minmay_misc_feat_alley, uniq_robin

Skill      XL: |  1  2 |
---------------+-------+-----
Armour         | 4 |  4.6
Fighting       | 4 |  4.6
Shields        | 4 |  4.6
Axes           | 3 |  3.7

Action                     |  1- 3 |  4- 6 || total
---------------------------+-------+-------++-------
  Melee: War axe           |    78 |    42 ||   120
         Headbutt          |     9 |     6 ||    15
 Armour: Scale mail        |    54 |       ||    54
         Chain mail        |    17 |    33 ||    50
  Dodge: Dodged            |    33 |    17 ||    50
  Block: Buckler           |    20 |    10 ||    30
